 Dungeon Crawl Stone Soup version 0.28-a0-97-g102d6777a4 (webtiles) character file.

Game seed: 8347446078001038401

350 lunkers the Magician (level 6, -1/46 HPs)
             Began as a Djinni Earth Elementalist on Aug 9, 2021.
             Slain by a troll (14 damage)
             ... on level 5 of the Dungeon.
             The game lasted 00:04:21 (3699 turns).

lunkers the Magician (Djinni Earth Elementalist)    Turns: 3699, Time: 00:04:22

Health: -1/46      AC:  3    Str:  7    XL:     6   Next: 92%
Gold:   217        EV: 12    Int: 19    God:
                   SH:  0    Dex: 13

rFire   + + +      SeeInvis .   e - staff of earth
rCold   x . .      Faith    .   (no shield)
rNeg    . . .      Spirit   .   b - +0 robe
rPois   ∞          Reflect  .   (no helmet)
rElec   .          Harm     .   g - +0 cloak
rCorr   .          Rampage  .   (no gloves)
Will    .....                   (boots unavailable)
Stlth   ++........              (no amulet)
HPRegen 0.15/turn               k - ring of protection from fire
MPRegen 0.00/turn               (no ring)

@: flying
A: sickness immunity, fire resistance 2, cold vulnerability 1, float, innate
caster, hp casting, extra vitality 1
a: no special abilities


You were on level 5 of the Dungeon.
You visited 1 branch of the dungeon, and saw 6 of its levels.

You collected 217 gold pieces.

Inventory:

Missiles
 c - 53 stones
Armour
 b - a +0 robe (worn)
 g - a +0 cloak (worn)
Magical Staves
 e - a staff of earth (weapon)
Jewellery
 k - a ring of protection from fire (left hand)
Wands
 r - a wand of flame (15)
Scrolls
 d - 2 scrolls of amnesia {unknown}
 h - a scroll of noise {unknown}
 i - a scroll of magic mapping {unknown}
 j - 3 scrolls of enchant weapon {unknown}
 l - a scroll of summoning {unknown}
 m - a scroll of fear {unknown}
 n - a scroll of teleportation {unknown}
 q - 2 scrolls of identify {unknown}
Potions
 a - 2 potions of cancellation {unknown}
 f - 2 potions of lignification {unknown}
 o - 2 potions of berserk rage {unknown}
 p - 2 potions of flight {unknown}


   Skills:
 + Level 3.4 Fighting
 - Level 2.1 Dodging
 - Level 1.5 Stealth
 * Level 4.7 Spellcasting


You had one spell level left.
You knew the following spells:

 Your Spells              Type           Power      Damage    Failure   Level
a - Sandblast             Erth           68%        2d15      1%          1
b - Passwall              Tmut/Erth      28%        N/A       2%          2
c - Stone Arrow           Conj/Erth      68%        3d11      5%          3
d - Petrify               Tmut/Erth      34%        N/A       19%         4
e - Summon Small Mammal   Summ           88%        N/A       1%          1
f - Wereblood             Tmut           22%        N/A       2%          2
Your spell library was empty.

Dungeon Overview and Level Annotations

Branches:
Dungeon (6/15)
 Temple: D:4-7

Altars:
Elyvilon
Uskayaw


Innate Abilities, Weirdness & Mutations

You are immune to sickness and miasma.
You are immune to poison.
Your flesh is very heat resistant. (rF++)
You are vulnerable to cold. (rC-)
You float through the air rather than walking.
You learn spells naturally, not from books.
Your magical power is your life essence.
You have superior vitality. (+4 HP)


Message History

There are monsters nearby!
There are monsters nearby!
The orc wizard shouts!
The orc shouts!
A troll comes into view.
You hear a shout! x2
The troll shouts!
Casting: Sandblast (safe; 1% risk of failure)
Confirm with . or Enter, or press ? or * to list all spells.
You feel a surge of power!
The blast of sand misses the troll.
The orc wizard casts a spell at you. The magic dart hits you!
Casting: Sandblast (safe; 1% risk of failure)
Confirm with . or Enter, or press ? or * to list all spells.
You feel a surge of power!
The blast of sand hits the troll!
The troll is moderately wounded.
A gnoll sergeant comes into view. It is wielding a +0 spear.
The troll misses you. The troll barely misses you.
The troll closely misses you.
The orc wizard gestures wildly while chanting.
The orc wizard flickers and vanishes!
Deactivating autopickup; reactivate with Ctrl-A.
There is a stone staircase leading up here.
The troll completely misses you. The troll claws you!
* * * LOW HITPOINT WARNING * * *
The troll claws you!
* * * LOW HITPOINT WARNING * * *
You fly upwards.
Reactivating autopickup.
There is a stone staircase leading down here.
Unknown command.
Casting: Sandblast (safe; 1% risk of failure)
Confirm with . or Enter, or press ? or * to list all spells.
Aiming: Sandblast (safe; 1% risk of failure)
Press: ? - help, Shift-Dir - straight line, f - troll
Aim: a troll (lightly wounded, 82% to hit)
You feel a surge of power!
The blast of sand hits the troll!!
The troll is severely wounded.
* * * LOW HITPOINT WARNING * * *
The troll closely misses you. The troll claws you!
You die...

#######......#############
............##
#######.##### #.# #.#
.######## #.# ........##
#.#
)........###<############
#######.......@T........#
#.#####''########.#l≈≈###
#.# #......# #.#≈.≈#..
#.###.#..#.### ###≈≈.###
#.#.'..##..'.# #..≈.≈≈
#.#.'..##..'.# ##≈≈≈..
#.#.#.#..#.#.## #l.≈≈≈.
#.#.#......#<.###########
#.#.###''###.............


You could see a troll.

Vanquished Creatures
  An ogre (D:5)
  A jelly (D:4)
  A centaur zombie (D:5)
  2 hounds
  A hound skeleton (D:4)
  6 adders
  An ufetubus (D:4)
  An adder skeleton (D:4)
  A worm (D:2)
  An orc (D:3)
  3 ball pythons
  5 endoplasms
  2 giant cockroaches
  5 goblins
  6 hobgoblins
  6 jackals
  7 quokkas
  3 bats
  5 frilled lizards
  4 kobolds
  5 rats
67 creatures vanquished.

Vanquished Creatures (others)
  14 fungi (D:5)
14 creatures vanquished.

Grand Total: 81 creatures vanquished

Notes
Turn   | Place    | Note
-------+----------+-------------------------------------------
     0 | D:1      | lunkers the Djinni Earth Elementalist began the quest for
                  | the Orb.
     0 | D:1      | Reached XP level 1. HP: 15/15 MP: 0/0
   105 | D:1      | Found a faded altar of an unknown god.
   182 | D:1      | Reached XP level 2. HP: 11/22 MP: 0/0
   609 | D:1      | Reached skill level 1 in Fighting
   899 | D:1      | Reached XP level 3. HP: 26/27 MP: 0/0
   899 | D:1      | Learned a level 1 spell: Summon Small Mammal
   937 | D:1      | Reached skill level 3 in Spellcasting
  1574 | D:2      | Reached XP level 4. HP: 29/32 MP: 0/0
  2504 | D:3      | Reached XP level 5. HP: 37/38 MP: 0/0
  2504 | D:3      | Learned a level 2 spell: Wereblood
  3029 | D:4      | Reached skill level 4 in Spellcasting
  3057 | D:4      | Found a white marble altar of Elyvilon.
  3196 | D:4      | Found a hide-covered altar of Uskayaw.
  3332 | D:4      | Reached XP level 6. HP: 44/45 MP: 0/0
  3437 | D:5      | Entered Level 5 of the Dungeon
  3482 | D:5      | Noticed an ogre
  3486 | D:5      | Killed an ogre
  3648 | D:5      | Noticed a yak
  3648 | D:5      | Noticed a yak
  3648 | D:5      | Noticed a yak
  3648 | D:5      | Noticed a yak
  3685 | D:6      | Noticed a troll
  3699 | D:5      | Slain by a troll

Illustrated notes

Levels and vault maps discovered:
D:1:      nzn_arrival_depleted_hourglass, layout_loops_ring,
          basic_ecumenical_altar, chequers_serial_rivers_small_3
D:2:      layout_loops_ring, minmay_tiny_reverse_x
D:3:      layout_loops_ring, serial_park_tiny_1
D:4:      layout_basic, mainiacjoe_overflow_small_starburst,
          nicolae_elyvilon_temple_path
D:5:      layout_loops_ring, xom_teletrap_fun, serial_shops, shop,
          serial_aquarium, aquarium_bridge_straight [aquarium_subvault_bridge,
          aquarium_subvault_balcony, aquarium_subvault_bridge,
          aquarium_subvault_window], aquarium_bridge_long_separate
          [aquarium_subvault_wall, aquarium_subvault_wall,
          aquarium_subvault_bridge, aquarium_subvault_bridge,
          aquarium_subvault_wall, aquarium_subvault_bridge],
          aquarium_window_fake, aquarium_window_fake, aquarium_window_corner,
          aquarium_view_2e, aquarium_view_2f, aquarium_pool_side,
          kennysheep_generic_room_15
D:6:      layout_cave_pools, lemuel_doored_altar, temple_hall,
          serial_gnoll_camp, gnoll_camp_huts_basic, gnoll_camp_mini_doghouse,
          gnoll_camp_mini_hut, gnoll_camp_mini_loothouse, grums_kennel,
          gnoll_camp_mini_house

Skill      XL: |  1  2  3  4  5  6 |
---------------+-------------------+-----
Fighting       | 1 2 3 |  3.4
Spellcasting   | 3 4 |  4.7
Dodging        | |  2.1
Stealth        | |  1.5

Action                   |  1- 3 |  4- 6 || total
-------------------------+-------+-------++-------
 Cast: Sandblast         |    41 |    55 ||    96
Armor: Robe              |     5 |     2 ||     7
Dodge: Dodged            |    12 |     8 ||    20

Table legend: (Time is in decaauts)
 A = Elapsed time spent in this place.
 B = Non-inter-level travel time spent in this place.
 C = Inter-level travel time spent in this place.
 D = Time resting spent in this place.
 E = Time spent auto-exploring this place.
 F = Levels seen in this place.
 G = Mean time per level.
                   A        B        C        D        E       F      G
               +--------+--------+--------+--------+--------+-----+--------+
         Total |   3697 |   3504 |    193 |      0 |   3112 |   6 |  616.2 |
       Dungeon |   3697 |   3504 |    193 |      0 |   3112 |   6 |  616.2 |
               +--------+--------+--------+--------+--------+-----+--------+

Top non-repeatable levels by time:
     D:1: 1052 daAuts
     D:2: 1009 daAuts
     D:3: 734 daAuts
     D:4: 638 daAuts
     D:5: 242 daAuts
     D:6: 19 daAuts
